AoeStats
← Leão

Arabia

508095623Analyzed
2v2 RM · 11d ago on Sep 20, 2026· 39m 53s· 4 players
Game mode
Random Map
Map size
Medium (4 player)
Population
200
Speed
Normal
Resources
Standard
Victory
Conquest
Starting age
Dark Age
Ending age
Imperial Age
RankedLock teamsTeams togetherTeam positionsShared explorationLock speedFull tech treeHidden civsTurbo modeCheats
Victory
Defeat
🇧🇷 Ethiopians · Brazil
1308
+15
🇧🇷 Magyars · Brazil
1285
+16
🇫🇷 Tatars · France
1319
-16
🇦🇿 Poles · Azerbaijan
1264
-15
Leão
7:25 Loom
10:05 Feudal Age
11:06 Double-Bit Axe
18:24 Fletching
24:05 Castle Age
22:25 Horse Collar
22:38 Gold Mining
24:14 Padded Archer Armor
25:05 Bow Saw
24:22 Crossbowman
24:58 Bodkin Arrow
31:44 Ballistics
32:18 Thumb Ring
33:43 Wheelbarrow
32:54 Town Watch
34:59 Stone Mining
36:19 Leather Archer Armor
39:20 Hand Cart
39:05 Town Patrol
KID EmSexto
7:11 Loom
9:44 Feudal Age
10:12 Double-Bit Axe
16:35 Scale Barding Armor
23:34 Castle Age
21:36 Horse Collar
21:48 Gold Mining
22:58 Bloodlines
24:25 Bow Saw
24:25 Husbandry
24:43 Heavy Plow
25:23 Light Cavalry
28:58 Gold Shaft Mining
29:21 Chain Barding Armor
32:49 Wheelbarrow
34:37 Stone Mining
37:55 Imperial Age
36:32 Hand Cart
38:02 Cavalier
39:18 Plate Barding Armor
farhasha
7:05 Loom
9:19 Feudal Age
10:08 Double-Bit Axe
11:00 Horse Collar
19:30 Wheelbarrow
22:41 Castle Age
21:45 Gold Mining
22:26 Bloodlines
22:25 Scale Barding Armor
24:35 Husbandry
26:35 Heavy Plow
26:48 Bow Saw
26:49 Szlachta Privileges
28:02 Chain Barding Armor
29:35 Forging
38:37 Iron Casting
LeGrandDawa
7:22 Loom
10:15 Feudal Age
10:53 Double-Bit Axe
14:33 Horse Collar
18:28 Padded Archer Armor
24:17 Castle Age
22:11 Gold Mining
22:24 Fletching
24:52 Wheelbarrow
25:12 Bodkin Arrow
25:33 Leather Archer Armor
25:31 Bow Saw
33:38 Wheelbarrow
34:12 Bloodlines
34:02 Husbandry
35:52 Ballistics
36:36 Elite Skirmisher
Connection lost

Rejoining the realm…

Still unreachable

The connection could not be restored.

Session expired

The server has moved on; the page needs a fresh start.